 Dungeon Crawl Stone Soup version 0.29-a0-88-g03a7b78be7 (webtiles) character file.

Game seed: 7720527610847216886

16 cyrus the Skirmisher (level 2, 0/28 HPs)
             Began as a Naga Fighter on Feb 5, 2022.
             Slain by a jackal (1 damage)
             ... on level 1 of the Dungeon.
             The game lasted 00:01:09 (516 turns).

cyrus the Skirmisher (Naga Fighter)                  Turns: 516, Time: 00:01:12

Health: 0/28       AC:  4    Str: 18    XL:     2   Next: 58%
Magic:  2/2        EV:  7    Int:  8    God:
Gold:   0          SH:  4    Dex: 10    Spells: 1/1 levels left

rFire   . . .      SeeInvis +   a - +0 trident
rCold   . . .      Faith    .   c - +0 buckler
rNeg    . . .      Spirit   .   b - +0 scale mail
rPois   +          Reflect  .   (no helmet)
rElec   .          Harm     +   e - scarf {harm}
rCorr   .          Rampage  .   (no gloves)
Will    .....                   (no barding)
Stlth   ..........              (no amulet)
HPRegen 0.09/turn               (no ring)
MPRegen 0.08/turn               (no ring)

@: very slow
A: AC +0, large, see invisible, deformed body, poison resistance, slowness 2,
spit poison 1, naga tail 1
a: Spit Poison


You were on level 1 of the Dungeon.
You visited 1 branch of the dungeon, and saw 1 of its levels.

Inventory:

Hand Weapons
 a - a +0 trident (weapon)
Armour
 b - a +0 scale mail (worn)
 c - a +0 buckler (worn)
 e - a scarf of harm (worn)
Scrolls
 f - a scroll of fog {unknown}
Potions
 d - a potion of might
 g - 2 potions of degeneration {unknown}


   Skills:
 + Level 3.1 Fighting
 + Level 2.3 Polearms
 + Level 2.5 Armour
 + Level 2.6 Shields


You had one spell level left.
You didn't know any spells.
Your spell library was empty.

Dungeon Overview and Level Annotations

Branches:
Dungeon (1/15)

Altars:


Innate Abilities, Weirdness & Mutations

Your serpentine skin is tough. (AC +0)
You have supernaturally acute eyesight. (SInv)
Armour fits poorly on your strangely shaped body.
Your system is resistant to poisons. (rPois)
You cover ground very slowly.
You can spit poison.
You have a snake-like lower body.


Message History

The jackal bites you but does no damage.
The jackal bites you but does no damage.
The goblin barely misses you.
The jackal bites you but does no damage.
You see here a +0 dagger.
Unknown command.
You closely miss the goblin.
A jackal comes into view.
The goblin hits you but does no damage. The jackal bites you.
The endoplasm freezes you.
You are frozen.
The goblin hits you with a +0 dagger.
You closely miss the jackal.
The jackal bites you but does no damage.
The endoplasm hits you. The goblin hits you but does no damage.
The jackal barely misses you.
You closely miss the jackal. You block the jackal's attack.
The jackal bites you but does no damage.
The endoplasm freezes you.
You are frozen.
You block the goblin's attack. The jackal barely misses you.
The jackal bites you.
You barely miss the jackal. The endoplasm closely misses you.
You block the jackal's attack. The goblin hits you but does no damage.
The jackal bites you. The jackal barely misses you.
The jackal bites you but does no damage.
The jackal closely misses you. The jackal bites you.
* * * LOW HITPOINT WARNING * * *
The jackal bites you.
* * * LOW HITPOINT WARNING * * *
The jackal bites you but does no damage.
The quokka closely misses you.
You closely miss the jackal. The jackal bites you.
* * * LOW HITPOINT WARNING * * *
The goblin closely misses you. The quokka closely misses you.
The jackal stops to sniff the ground.
The jackal bites you.
* * * LOW HITPOINT WARNING * * *
The jackal bites you.
You die...

##################
#h@h..........(..#
###Jgr..##########.##
#....h...............#
#.##.########.###....#
.. ...# #.....#..#
......... #.###.....
..#..#### #.# #...#. .
... #.###...#. ..
#.##....#.


You could see an endoplasm, a quokka, 3 jackals and a goblin.

Vanquished Creatures
  2 ball pythons (D:1)
  A giant cockroach (D:1)
  A goblin (D:1)
  7 hobgoblins (D:1)
  A frilled lizard (D:1)
  A rat (D:1)
13 creatures vanquished.

Notes
Turn   | Place    | Note
-------+----------+-------------------------------------------
     0 | D:1      | cyrus the Naga Fighter began the quest for the Orb.
     0 | D:1      | Reached XP level 1. HP: 21/21 MP: 1/1
   226 | D:1      | Reached XP level 2. HP: 28/28 MP: 2/2
   516 | D:1      | HP: 1/28 [jackal (1)]
   516 | D:1      | Slain by a jackal

Illustrated notes

Levels and vault maps discovered:
D:1:      saegor_arrival_simple_d, layout_loops_ring

Action                   || total
-------------------------++-------
Melee: Trident           ||    29
 Abil: Spit Poison       ||     1
Armor: Scale mail        ||    18
Dodge: Dodged            ||    21
Block: Buckler           ||    10

Table legend: (Time is in decaauts)
 A = Elapsed time spent in this place.
 B = Non-inter-level travel time spent in this place.
 C = Inter-level travel time spent in this place.
 D = Time resting spent in this place.
 E = Time spent auto-exploring this place.
 F = Levels seen in this place.
 G = Mean time per level.
                   A        B        C        D        E       F      G
               +--------+--------+--------+--------+--------+-----+--------+
         Total |    652 |    652 |      0 |      0 |    515 |   1 |  652.0 |
       Dungeon |    652 |    652 |      0 |      0 |    515 |   1 |  652.0 |
               +--------+--------+--------+--------+--------+-----+--------+

Top non-repeatable levels by time:
     D:1: 652 daAuts
